AoeStats
← JoyStick

Arena

510181803Analyzed
4v4 RM · 4d ago on Sep 29, 2026· 43m 29s· 8 players
Game mode
Random Map
Map size
Large (8 player)
Population
200
Speed
Normal
Resources
Standard
Victory
Conquest
Starting age
Dark Age
Ending age
Imperial Age
RankedLock teamsTeams togetherTeam positionsShared explorationLock speedFull tech treeHidden civsTurbo modeCheats
Victory
Defeat
🇹🇷 Varangians · Türkiye
1195
+18
🇦🇷 Burgundians · Argentina
1194
+18
🇧🇷 Franks · Brazil
1172
+19
🇧🇷 Celts · Brazil
1145
+20
🇹🇷 Danes · Türkiye
1367
-24
🇹🇷 Khmer · Türkiye
1283
-21
1234
-19
🇹🇷 Malay · Türkiye
1039
-11
kurinkito
10:17 Feudal Age
14:09 Castle Age
12:23 Horse Collar
12:54 Double-Bit Axe
15:05 Heavy Plow
15:29 Bow Saw
21:31 Wheelbarrow
23:08 Loom
23:43 Hand Cart
23:14 Town Watch
25:15 Gold Mining
25:20 Stone Mining
27:41 Stone Shaft Mining
27:17 Forging
27:13 Scale Barding Armor
30:42 Imperial Age
28:51 Iron Casting
28:07 Fletching
29:03 Bloodlines
28:54 Husbandry
31:20 Chain Barding Armor
30:28 Vendel Legacy
32:33 Blast Furnace
30:57 Cavalier
33:57 Plate Barding Armor
34:01 Coinage
34:55 Light Cavalry
38:01 Scale Mail Armor
38:45 Banking
37:56 Elite Varangian Guard
38:37 Squires
38:22 Gambesons
38:23 Arson
40:28 Chain Mail Armor
casão
10:56 Feudal Age
15:13 Castle Age
13:02 Double-Bit Axe
13:10 Stone Mining
15:18 Wheelbarrow
19:16 Town Watch
19:48 Fletching
21:54 Gold Mining
22:36 Bodkin Arrow
24:32 Gold Shaft Mining
28:33 Imperial Age
26:45 Husbandry
26:59 Forging
27:15 Scale Barding Armor
28:20 Hand Cart
29:55 Iron Casting
29:41 Chain Barding Armor
30:03 Cavalier
31:26 Chivalry
31:47 Conscription
33:30 Blast Furnace
33:05 Plate Barding Armor
35:48 Siege Engineers
36:05 Ballistics
36:26 Paladin
39:34 Chemistry
39:00 Conscription
39:51 Scale Mail Armor
39:18 Heavy Scorpion
@bruninho
11:14 Feudal Age
15:06 Castle Age
13:24 Double-Bit Axe
15:35 Wheelbarrow
20:55 Horse Collar
21:38 Forging
24:25 Pikeman
25:25 Bow Saw
31:14 Imperial Age
29:41 Scale Mail Armor
30:16 Iron Casting
31:14 Chain Mail Armor
32:28 Gold Mining
33:26 Plate Mail Armor
33:57 Blast Furnace
33:33 Hand Cart
33:55 Halberdier
35:43 Onager
41:44 Conscription
41:35 Furor Celtica
twitch.tv/megafussion
8:10 Double-Bit Axe
10:51 Feudal Age
14:47 Castle Age
13:11 Bow Saw
14:30 Horse Collar
16:35 Loom
20:59 Wheelbarrow
23:40 Hand Cart
25:22 Gold Mining
25:35 Heavy Plow
26:37 Two-Man Saw
28:14 Imperial Age
26:23 Scale Barding Armor
26:29 Forging
36:14 Crop Rotation
39:26 Cavalier
40:07 Husbandry
40:44 Iron Casting
40:30 Chain Barding Armor
39:50 Pikeman
40:30 Squires
41:30 Gold Shaft Mining
41:46 Paladin
Furian
10:51 Feudal Age
14:28 Castle Age
15:06 Scale Barding Armor
16:13 Chain Barding Armor
16:48 Forging
16:46 Husbandry
19:26 Bloodlines
20:00 Double-Bit Axe
24:03 Loom
24:58 Iron Casting
25:13 Devotion
31:58 Wheelbarrow
34:15 Hand Cart
37:33 Imperial Age
34:48 Horse Collar
35:20 Bow Saw
37:54 Ballistics
37:18 Light Cavalry
41:25 Chemistry
39:54 Heavy Scorpion
41:36 Gold Mining
42:58 Siege Engineers
JoyStick
10:38 Feudal Age
12:21 Double-Bit Axe
14:40 Castle Age
12:56 Gold Mining
12:47 Horse Collar
15:39 Bow Saw
15:30 Heavy Plow
15:47 Stone Mining
16:25 Loom
27:54 Imperial Age
25:50 Forging
25:40 Scale Mail Armor
26:32 Wheelbarrow
25:42 Town Watch
27:09 Ballistics
27:00 Masonry
26:40 Fletching
26:56 Squires
26:42 Arson
27:28 Hand Cart
28:55 Coinage
29:52 Chemistry
30:22 Iron Casting
30:02 Chain Mail Armor
30:08 Chain Mail Armor
29:49 Bodkin Arrow
31:36 Conscription
32:22 Blast Furnace
33:06 Banking
31:59 Elite Jomsviking
33:10 Plate Mail Armor
32:41 Bracer
33:33 Gold Shaft Mining
32:22 Hamask
33:24 Siege Engineers
33:18 Murder Holes
35:11 Stone Shaft Mining
35:08 Padded Archer Armor
34:30 Pikeman
36:09 Halberdier
İvan'ın Anasını Dehleyen
11:03 Feudal Age
15:48 Castle Age
14:50 Fletching
14:51 Gold Mining
14:53 Stone Mining
14:45 Horse Collar
16:01 Double-Bit Axe
18:38 Wheelbarrow
21:53 Heavy Plow
23:00 Hand Cart
23:48 Gold Shaft Mining
23:39 Bow Saw
28:25 Imperial Age
25:42 Loom
26:18 Town Watch
27:04 Bodkin Arrow
27:46 Forging
28:08 Scale Mail Armor
28:43 Town Patrol
29:21 Iron Casting
28:35 Pikeman
29:15 Squires
29:29 Halberdier
32:12 Blast Furnace
31:27 Chain Mail Armor
32:21 Conscription
33:43 Crop Rotation
35:35 Ballistas
35:28 Heavy Scorpion
39:51 Ballistics
40:32 Chemistry
39:38 Siege Engineers
39:08 Man-at-Arms
40:05 Long Swordsman
secotify
12:40 Feudal Age
16:39 Castle Age
15:13 Double-Bit Axe
15:19 Horse Collar
16:10 Gold Mining
21:45 Wheelbarrow
20:57 Town Watch
21:25 Forging
24:58 Stone Mining
31:10 Gold Shaft Mining
31:07 Hand Cart
31:18 Heavy Plow
32:37 Stone Shaft Mining
33:14 Fletching
33:25 Padded Archer Armor
33:22 Pikeman
34:03 Squires
34:00 Bodkin Arrow
33:57 Crossbowman
34:42 Thumb Ring
35:26 Thumb Ring
Connection lost

Rejoining the realm…

Still unreachable

The connection could not be restored.

Session expired

The server has moved on; the page needs a fresh start.